 Dungeon Crawl Stone Soup version 0.32-a0-42-ga30500b (webtiles) character file.

Game seed: 18229736102669401580

172 Dorkslayer the Ruffian (level 5, -2/36 HPs)
             Began as an Octopode Fighter on Jan 30, 2024.
             Slain by a goblin
             ... wielding a +0 club
             ... led by Robin
              (3 damage)
             ... on level 3 of the Dungeon.
             The game lasted 00:05:21 (1749 turns).

Dorkslayer the Ruffian (Octopode Fighter)           Turns: 1749, Time: 00:05:21

Health: -2/36      AC:  1    Str: 18    XL:     5   Next: 53%
Magic:  5/5        EV: 13    Int: 10    God:
Gold:   116        SH:  4    Dex: 11    Spells: 4/4 levels left

rFire   . .          .
                       - Unarmed
rCold   . . .        a - +0 buckler
rNeg    . . .        (helmet restricted)
rPois   .            (no amulet)
rElec   .            (no ring)
rCorr   .            (no ring)
SInv    .            (no ring)
Will    .....        (no ring)
Stlth   +++          (no ring)
HPRegen 0.26/turn    (no ring)
MPRegen 0.09/turn    (no ring)
                     (no ring)

%: no passive effects
@: about to teleport
A: almost no armour, amphibious, 8 rings, camouflage 1, gelatinous body 1,
(nimble swimmer 1), tentacles
a: no special abilities


You were on level 3 of the Dungeon.
You visited 1 branch of the dungeon, and saw 3 of its levels.

You collected 116 gold pieces.

Inventory:

Missiles
 f - 5 boomerangs (quivered)
Armour
 a - a +0 buckler (worn)
Talismans
 c - a flux talisman
Scrolls
 e - a scroll of blinking {unknown}
 h - a scroll of fear {unknown}
 j - 4 scrolls of identify {unknown}
 l - a scroll of amnesia {unknown}
 m - a scroll of butterflies {unknown}
Potions
 b - 4 potions of might
 i - a potion of invisibility {unknown}
 k - a potion of attraction {unknown}
 n - a potion of cancellation {unknown}
 o - a potion of ambrosia {unknown}


   Skills:
 + Level 3.4 Fighting
 + Level 3.3 Dodging
 + Level 2.0 Stealth
 + Level 3.2 Shields
 * Level 4.0 Unarmed Combat
 * Level 1.5 Shapeshifting


You had 4 spell levels left.
You didn't know any spells.
Your spell library contained the following spells:

 Spells                   Type           Power      Damage    Failure   Level
 Foxfire                  Conj/Fire      0%         2x1d4     43%         1
 Kiss of Death            Conj/Necr      0%         2d5       43%         1
 Summon Small Mammal      Summ           0%         N/A       43%         1
 Cigotuvi's Dreadful Rot  Necr/Alch/Air  0%         N/A       58%         2
 Ensorcelled Hibernation  Hex/Ice        0%         N/A       58%         2
 Call Canine Familiar     Summ           0%         N/A       82%         3
 Fugue of the Fallen      Necr           0%         N/A       82%         3
 Airstrike                Air            0%         2d(0-16)  99%         4
 Anguish                  Hex/Necr       0%         N/A       99%         4
 Summon Blazeheart Golem  Fire/Summ      0%         N/A       99%         4
 Orb of Destruction       Conj           0%         9d5       100%        7


Dungeon Overview and Level Annotations

Branches:
Dungeon (3/15)

Altars:

Annotations:
D:3 Robin


Innate Abilities, Weirdness & Mutations

You cannot wear most types of armour.
You are amphibious.
You can wear up to eight rings at the same time.
Your skin changes colour to match your surroundings (Stealth+).
Your rubbery body absorbs attacks. (AC +1, EV +1)
((You are camouflaged when in or above water. (Stealth+)))
You have tentacles for arms and can constrict up to eight enemies at once.


Message History

3 goblins come into view.
The goblin shouts! x2; The hobgoblin shouts!
The goblin shouts! x2
The hobgoblin shouts!
You hear a shout!
A goblin comes into view. It is wielding a +0 dagger.
Robin shouts!
The goblin shouts!
You bludgeon the hobgoblin!
You kill the hobgoblin!
Robin throws the goblin at you!
You barely miss the goblin. Your grab misses the goblin.
The goblin completely misses you. The goblin misses you.
You miss the goblin. Your grab misses the goblin.
The goblin hits you with a +0 club. The goblin hits you but does no damage.
Robin says, "Bow before me, strongest of all the hobgoblins!"
Robin throws the goblin at you! The goblin hits you with a +0 club.
You tentacle-slap the goblin.
You kill the goblin!
Robin throws the goblin at you! The goblin closely misses you.
The goblin completely misses you. The goblin barely misses you.
The goblin misses you.
You tentacle-slap the goblin. Your grab misses the goblin.
The goblin is severely wounded.
The goblin hits you with a +0 club. x3; You block the goblin's attack.
Robin throws the goblin at you!
You miss the goblin. You grab the goblin. You constrict the goblin.
The goblin closely misses you. You block the goblin's attack.
The goblin barely misses you.
Robin roars a battlecry!
The goblins go into a battle-frenzy!
The goblin hits you with a +0 dagger. The goblin hits you with a +0 club.
* * * LOW HITPOINT WARNING * * *
As you read the scroll labelled GYCUTI SAIPRAU, it crumbles to dust.
You feel strangely unstable.
It was a scroll of teleportation.
You constrict the goblin.
You kill the goblin!
You hear a splash.
The goblin hits you with a +0 club!
* * * LOW HITPOINT WARNING * * *
The goblin hits you with a +0 club.
You die... ....... ....... ....... ....... ###### ....[.. #....# gg.....

#....##gg.....
#..†.#@gg.# #....)gg###
#...~~~.# #..♣~~~♣# #.#
~~ ##..P~~~♣ #.# ..
#...♣~~~♣♣ #.# ..##.
#...~P~~~♣ #.# .....
##♣...~~~~~♣##.##.#.##.#
#~P....~≈≈~~.........#..


You could see Robin, a hobgoblin (strong) and 6 goblins.

Vanquished Creatures
  A scorpion (D:3)
  Jessica (D:3)
  Natasha (D:3)
  3 dart slugs
  7 ball pythons
  8 bats
  5 endoplasms
  4 giant cockroaches
  6 goblins
  8 hobgoblins
  3 jackals (D:2)
  A quokka (D:2)
  3 kobolds (D:1)
  6 rats
57 creatures vanquished.

Notes
Turn   | Place    | Note
-------+----------+-------------------------------------------
     0 | D:1      | Dorkslayer the Octopode Fighter began the quest for the
                  | Orb.
     0 | D:1      | Reached XP level 1. HP: 16/16 MP: 1/1
     2 | D:1      | Noticed a minotaur
     2 | D:1      | Noticed a spriggan
     4 | D:1      | Noticed a draconian
     4 | D:1      | Noticed a troll
     6 | D:1      | Noticed a gargoyle
     6 | D:1      | Noticed a djinni
     8 | D:1      | Noticed a vine stalker
     8 | D:1      | Noticed a felid
    10 | D:1      | Noticed a demigod
    10 | D:1      | Noticed a formicid
    12 | D:1      | Noticed an octopode
    12 | D:1      | Noticed a vampire
    14 | D:1      | Noticed an oni
    16 | D:1      | Noticed an armataur
    18 | D:1      | Noticed a human
    20 | D:1      | Noticed an elf
    22 | D:1      | Noticed a merfolk
    22 | D:1      | Noticed a tengu
    24 | D:1      | Noticed a barachi
    24 | D:1      | Noticed a demonspawn
    27 | D:1      | Noticed a ghoul
    27 | D:1      | Noticed a naga
   112 | D:1      | Reached XP level 2. HP: 16/21 MP: 2/2
   602 | D:1      | Reached XP level 3. HP: 23/26 MP: 3/3
   825 | D:1      | Reached skill level 1 in Shapeshifting
  1229 | D:2      | Identified the +3 leather armour of Eternal Vigilance
                  | {Rampage Dex+3}
  1470 | D:2      | Found a faded altar of an unknown god.
  1590 | D:3      | Got the Discursus on Pneumatic Bolts
  1591 | D:3      | Noticed Natasha
  1598 | D:3      | Noticed Jessica
  1600 | D:3      | Killed Natasha
  1600 | D:3      | Noticed a scorpion
  1601 | D:3      | Reached skill level 1 in Stealth
  1601 | D:3      | Reached skill level 3 in Unarmed Combat
  1601 | D:3      | Reached XP level 4. HP: 21/31 MP: 4/4
  1605 | D:3      | Killed Jessica
  1611 | D:3      | Killed a scorpion
  1612 | D:3      | Reached XP level 5. HP: 7/36 MP: 5/5
  1719 | D:3      | Reached skill level 4 in Unarmed Combat
  1731 | D:3      | Noticed Robin
  1749 | D:3      | HP: 1/36 [goblin/+0 club[Robin] (7)]
  1749 | D:3      | Slain by a goblin

Illustrated notes

Levels and vault maps discovered:
D:1:      kb_arrival_jail, layout_basic
D:2:      layout_basic, hellmonk_ecumenical_altar_dog_temple
D:3:      layout_rooms, serial_bayou, serial_bayou_pond_c, serial_bayou_pond_a,
          serial_bayou_lagoon_a, serial_bayou_ford_a, serial_bayou_lake_a,
          uniq_robin, uniq_sigmund, uniq_natasha, uniq_jessica

Skill      XL: |  1  2  3  4  5 |
---------------+----------------+-----
Shapeshifting  | 1 |  1.5
Stealth        | 1 2 |  2.0
Unarmed Combat | 3 4 |  4.0
Fighting       | |  3.4
Dodging        | |  3.3
Shields        | |  3.2

Action                     |  1- 3 |  4- 6 || total
---------------------------+-------+-------++-------
  Melee: Unarmed           |    98 |    24 ||   122
         Constrict         |    22 |     7 ||    29
         Punch             |     3 |       ||     3
         Tentacles         |    16 |     4 ||    20
    Use: Scroll            |       |     1 ||     1
         Potion            |       |     1 ||     1
   Stab: Sleeping          |     6 |       ||     6
 Armour: Skin              |    49 |    20 ||    69
  Dodge: Dodged            |    44 |    19 ||    63
  Block: Buckler           |    16 |     7 ||    23

Table legend: (Time is in decaauts)
 A = Elapsed time spent in this place.
 B = Non-inter-level travel time spent in this place.
 C = Inter-level travel time spent in this place.
 D = Time resting spent in this place.
 E = Time spent auto-exploring this place.
 F = Levels seen in this place.
 G = Mean time per level.
                   A        B        C        D        E       F      G
               +--------+--------+--------+--------+--------+-----+--------+
         Total |   1746 |   1746 |      0 |      0 |    960 |   3 |  582.0 |
       Dungeon |   1746 |   1746 |      0 |      0 |    960 |   3 |  582.0 |
               +--------+--------+--------+--------+--------+-----+--------+

Top non-repeatable levels by time:
     D:1: 979 daAuts
     D:2: 603 daAuts
     D:3: 164 daAuts
